 Dungeon Crawl Stone Soup version 0.24.0-123-gd5b16e6ec5 (webtiles) character file.

Game seed: 9836972331895052997, levelgen mode: deterministic

11923 Amplified the Dancer (level 11, -6/92 HPs)
             Began as a Demonspawn Monk on Jan 31, 2020.
             Was a Follower of Uskayaw.
             Mangled by a death yak (23 damage)
             ... on level 11 of the Dungeon.
             The game lasted 00:23:58 (12839 turns).

Amplified the Dancer (Demonspawn Monk)             Turns: 12839, Time: 00:23:58

Health: -6/92      AC:  7    Str: 22    XL:     11   Next: 55%
Magic:  13/20      EV: 18    Int:  8    God:    Uskayaw [*.....]
Gold:   718        SH:  0    Dex: 23    Spells: 9/10 levels left

rFire    . . .     SeeInvis +     - Unarmed
rCold    . . .     Gourm    .   (no shield)
rNeg     . . .     Faith    +   n - +2 robe "Hunimeq" {Str+10 Int-3 Dex+2 SInv}
rPois    +         Spirit   .   (no helmet)
rElec    .         Reflect  .   s - +0 cloak
rCorr    .         Harm     .   v - +0 pair of gloves
MR       +....                  l - +0 pair of boots
Stlth    ++++......             r - amulet of faith
HPRegen  0.25/turn              C - ring of poison resistance
MPRegen  0.17/turn              q - ring of protection from magic

@: no status effects
A: talons 2, thin skeletal structure 1, nightstalker 1, spiny 1
a: Stomp, Renounce Religion


You were on level 11 of the Dungeon.
You worshipped Uskayaw.
Uskayaw was pleased with you.
You were not hungry.

You visited 1 branch of the dungeon, and saw 11 of its levels.
You also visited: Ossuary.

You collected 718 gold pieces.

Inventory:

Hand Weapons
 y - a +1 scimitar of electrocution
Missiles
 c - 283 arrows
 g - 175 stones
 j - 3 silver javelins
 k - 2 throwing nets
 o - 36 poisoned darts (quivered)
Armour
 i - a +3 ring mail
 l - a +0 pair of boots (worn)
 n - the +2 robe "Hunimeq" (worn) {Str+10 Int-3 Dex+2 SInv}
   (You found it on level 6 of the Dungeon)

   It affects your strength (+10).
   It affects your intelligence (-3).
   It affects your dexterity (+2).
   It lets you see invisible.
 s - a +0 cloak (worn)
 u - a +0 scale mail of cold resistance
 v - a +0 pair of gloves (worn)
Magical Staves
 a - an uncursed staff of power
Jewellery
 d - an uncursed ring of protection from cold
 q - a ring of protection from magic (right hand)
 r - an amulet of faith (around neck)
 C - a ring of poison resistance (left hand)
 G - a +4 ring of intelligence
 L - an uncursed ring of protection from fire
 O - an uncursed ring of resist corrosion {unknown}
 P - an uncursed amulet of magic regeneration {unknown}
 Q - a +2 ring of intelligence
Wands
 H - a wand of acid (9)
 I - a wand of digging (3)
 J - a wand of random effects (29)
Scrolls
 e - 2 scrolls of blinking
 f - 2 scrolls of enchant weapon
 h - 10 scrolls of remove curse
 m - 2 scrolls of noise
 w - 6 scrolls of teleportation
 A - a scroll of amnesia
 D - 3 scrolls of fog
 K - 2 scrolls of identify
 N - a scroll of silence {unknown}
Potions
 p - 3 potions of brilliance
 t - 3 potions of magic
 x - a potion of cancellation
 z - a potion of ambrosia
 B - a potion of mutation
 E - a potion of lignification
 F - a potion of flight
 M - a potion of curing
 S - a potion of agility
Comestibles
 b - 11 rations


   Skills:
 * Level 10.5 Fighting
 + Level 7.0 Dodging
 - Level 1.7 Stealth
 * Level 9.7 Unarmed Combat
 * Level 12.2 Invocations


You had 9 spell levels left.
You knew the following spells:

 Your Spells              Type           Power        Failure   Level  Hunger
a - Apportation           Tloc           #.....       41%         1    ##.....

Your spell library contained the following spells:

 Spells                   Type           Power        Failure   Level  Hunger
 Animate Skeleton         Necr           N/A          41%         1    ##.....
 Beastly Appendage        Tmut           #.....       41%         1    ##.....
 Confusing Touch          Hex            #.....       41%         1    ##.....
 Freeze                   Ice            #...         41%         1    ##.....
 Summon Small Mammal      Summ           #...         41%         1    ##.....
 Sticks to Snakes         Tmut           #.......     54%         2    ###....
 Throw Frost              Conj/Ice       #.....       54%         2    ###....
 Ozocubu's Armour         Chrm/Ice       #.......     78%         3    ####...
 Spider Form              Tmut/Pois      #.........   78%         3    ####...
 Ice Form                 Ice/Tmut       #.......     99%         4    #####..
 Summon Ice Beast         Ice/Summ       #.......     99%         4    #####..
 Throw Icicle             Conj/Ice       #.......     99%         4    #####..
 Blade Hands              Tmut           #.........   100%        5    ######.


Dungeon Overview and Level Annotations

Branches:
Dungeon (11/15)            Temple (0/1) D:7            Lair (0/6) D:11
Ossuary (visited)
    Orc: D:9-12

Altars:
Cheibriados
Dithmenos
Makhleb
Nemelex Xobeh
Okawaru
Qazlal
Uskayaw
Wu Jian
Yredelemnul
Zin


Innate Abilities, Weirdness & Mutations

You have razor-sharp toenails.
You have a somewhat thin skeletal structure. (Dex +2, Stealth)
You are slightly more attuned to the shadows.
You are partially covered in sharp spines.


Message History

You punch the death yak, but do no damage.
The death yak is heavily wounded.
The elephant tramples you.
You stumble backwards!
You can now stomp with the beat.
You stomp with the beat, sending a shockwave through the revelers around you!
The elephant is heavily wounded.
The death yak is severely wounded.
You feel somewhat more hungry.
You can no longer stomp with the beat.
The death yak gores you!!
* * * LOW HITPOINT WARNING * * *
The elephant is struck by your spines.
The elephant tramples you but does no damage.
The elephant barely misses you.
You can now stomp with the beat.
Unknown command.
Unknown command.
Unknown command.
The death yak gores you!!
You die...

......# #..# #..# #
......# #..# #..#
......# #..# #..#
......# #..# #..#
......# #..# #..#
......#####>.# #..#
.............# #Yt#
..?..........####Y.#
................@..#
#.#
...................#
#.#
................).)#
#.#
.............####..#
#.# .............#
#..# #^#
.............# #..#
#.# .............#
#..######.#
.....).......#
#.........#######
.............#
#.†..............


You could see a death yak, an elephant and a crocodile.

Vanquished Creatures
  An unseen horror (D:10)
  A gargoyle (D:10)
  A queen bee (D:8)
  A troll (D:11)
  A hornet (D:10)
  A polar bear (D:10)
  3 hippogriffs
  A wyvern (D:11)
  17 yaks
  2 hungry ghosts (D:10)
  A water moccasin (D:9)
  5 orc warriors
  Duvessa (D:4)
  An ice beast (D:8)
  A black bear (D:10)
  2 phantoms
  8 ogres
  2 wolves (D:10)
  2 crocodiles
  7 centaurs
  8 bullfrogs
  Dowan (D:4)
  12 scorpions
  A hornet simulacrum (D:10)
  19 killer bees
  8 wights
  3 howler monkeys (D:10)
  5 crimson imps
  A centaur zombie (Ossuary)
  4 bullfrog zombies
  A quasit (D:11)
  A bullfrog skeleton (D:6)
  A centaur skeleton (D:9)
  A hound (D:11)
  4 human zombies (Ossuary)
  5 jellies
  5 orc wizards
  5 orc priests
  4 iguanas
  5 worker ants
  2 bullfrog simulacra (D:10)
  2 big kobold zombies (Ossuary)
  A centaur simulacrum (D:10)
  A hound skeleton (D:11)
  3 mummies (Ossuary)
  A howler monkey zombie (D:8)
  14 gnolls
  A howler monkey skeleton (D:6)
  4 scorpion zombies (Ossuary)
  12 adders
  A shadow imp (D:9)
  5 white imps (D:10)
  An ufetubus (D:10)
  An adder skeleton (D:5)
  4 dart slugs
  7 leopard geckos
  37 orcs
  A ball python (D:2)
  3 giant cockroaches
  6 hobgoblins
  16 jackals
  7 kobolds
  5 quokkas
  4 bats
  6 frilled lizards
  12 goblins
  4 goblin zombies
  2 hobgoblin zombies (Ossuary)
  2 kobold zombies (Ossuary)
  A leopard gecko skeleton (D:6)
  3 orc zombies (Ossuary)
  8 rats
  A rat zombie (D:7)
331 creatures vanquished.

Vanquished Creatures (others)
  An orc zombie (Ossuary)
1 creature vanquished.

Grand Total: 332 creatures vanquished

Notes
Turn   | Place    | Note
-------+----------+-------------------------------------------
     0 | D:1      | Amplified the Demonspawn Monk began the quest for the Orb.
     0 | D:1      | Reached XP level 1. HP: 18/18 MP: 1/1
   257 | D:1      | Gained mutation: You have sharp toenails. [demonic
                  | ancestry]
   257 | D:1      | Reached XP level 2. HP: 20/24 MP: 2/2
   517 | D:1      | Reached XP level 3. HP: 28/29 MP: 3/3
  1148 | D:2      | Reached XP level 4. HP: 37/37 MP: 4/4
  1199 | D:2      | Found a hide-covered altar of Uskayaw.
  1211 | D:2      | Became a worshipper of Uskayaw the Reveler
  1211 | D:2      | Reached * piety under Uskayaw
  1317 | D:2      | Reached ** piety under Uskayaw
  1407 | D:2      | Found an iron altar of Okawaru.
  1559 | D:2      | Found an ornate altar of the Wu Jian Council.
  1571 | D:2      | Found a shadowy altar of Dithmenos.
  1827 | D:3      | Reached skill level 1 in Invocations
  1863 | D:3      | Found a snail-covered altar of Cheibriados.
  1933 | D:3      | Reached *** piety under Uskayaw
  1936 | D:3      | Reached **** piety under Uskayaw
  1938 | D:3      | Gained mutation: You have razor-sharp toenails. [demonic
                  | ancestry]
  1938 | D:3      | Reached XP level 5. HP: 42/42 MP: 5/5
  3007 | D:3      | Found a basalt altar of Yredelemnul.
  3007 | D:3      | Found a sparkling altar of Nemelex Xobeh.
  3008 | D:3      | Found a stormy altar of Qazlal.
  3041 | D:4      | Noticed Duvessa
  3041 | D:4      | Noticed Dowan
  3308 | D:3      | Reached skill level 2 in Invocations
  3989 | D:4      | Killed Duvessa
  3989 | D:4      | Reached skill level 3 in Invocations
  3989 | D:4      | Gained mutation: You are slightly more attuned to the
                  | shadows. [demonic ancestry]
  3989 | D:4      | Reached XP level 6. HP: 50/50 MP: 6/8
  3994 | D:4      | Killed Dowan
  3994 | D:4      | Reached ***** piety under Uskayaw
  4184 | D:5      | Entered Level 5 of the Dungeon
  4188 | D:5      | Reached skill level 5 in Fighting
  4269 | D:5      | Gained mutation: You have a somewhat thin skeletal
                  | structure. (Dex +2, Stealth) [demonic ancestry]
  4269 | D:5      | Reached XP level 7. HP: 34/56 MP: 7/9
  4381 | D:5      | Reached skill level 4 in Invocations
  4541 | D:5      | Reached skill level 5 in Unarmed Combat
  4895 | D:6      | Reached skill level 5 in Invocations
  5194 | D:6      | Reached XP level 8. HP: 36/64 MP: 12/12
  5620 | D:6      | Got a crude robe
  5708 | D:6      | Noticed a hippogriff
  5724 | D:6      | Killed a hippogriff
  5724 | D:6      | Reached skill level 6 in Invocations
  5978 | D:6      | Reached skill level 7 in Invocations
  6320 | D:6      | Reached XP level 9. HP: 63/72 MP: 14/14
  6487 | D:7      | Found a staircase to the Ecumenical Temple.
  6641 | D:7      | Found a sand-covered staircase.
  6666 | Ossuary  | Entered an ossuary
  6741 | Ossuary  | Reached skill level 5 in Dodging
  6816 | Ossuary  | Reached skill level 8 in Invocations
  7924 | D:7      | Identified the +2 robe "Hunimeq" {Str+10 Int-3 Dex+2 SInv}
                  | (You found it on level 6 of the Dungeon)
  8060 | D:8      | Reached skill level 9 in Invocations
  8071 | D:8      | Noticed a queen bee
  8450 | D:8      | Reached XP level 10. HP: 41/82 MP: 13/17
  9067 | D:8      | Found a burning altar of Makhleb.
  9067 | D:8      | Found a glowing silver altar of Zin.
  9068 | D:8      | Noticed an angel
  9068 | D:8      | Noticed a balrug
  9582 | D:9      | Reached skill level 10 in Invocations
 10941 | D:10     | Entered Level 10 of the Dungeon
 10960 | D:10     | Reached skill level 11 in Invocations
 11366 | D:11     | Gained mutation: You are partially covered in sharp spines.
                  | [demonic ancestry]
 11366 | D:11     | Reached XP level 11. HP: 42/90 MP: 19/19
 11519 | D:11     | Found a staircase to the Lair.
 11577 | D:11     | Found a snail-covered altar of Cheibriados.
 11690 | D:10     | Noticed an unseen horror
 11701 | D:10     | Killed an unseen horror
 11701 | D:10     | Reached skill level 10 in Fighting
 12046 | D:10     | Learned a level 1 spell: Apportation
 12285 | D:10     | Reached skill level 12 in Invocations
 12819 | D:11     | Noticed a death yak
 12839 | D:11     | Mangled by a death yak

Levels and vault maps discovered:
D:1:      minmay_arrival_diagonal_passages, layout_rooms, minmay_ruptured
D:2:      minmay_thinvault, layout_basic, nicolae_overflow_quartered_altars
D:3:      layout_basic, lemuel_coloured_pillars_altar,
          gammafunk_temple_overflow_claw, first_ration
D:4:      layout_cave_pools, small_statue_intersection, uniq_duvessa
D:5:      layout_rooms
D:6:      layout_basic
D:7:      layout_cave_pools, minmay_temple_entry_junction, enter_ossuary_4
D:8:      minmay_general_purpose_star, layout_loops_ring,
          grunt_temple_overflow_order_and_chaos_2, minmay_tree_intersection,
          david_nohive_1, minivault_24, st_stairs_11
D:9:      layout_irregular_city
D:10:     layout_loops_cross, serial_ice, serial_ice_o, serial_ice_f,
          serial_ice_i, serial_ice_e, minmay_variable_closet
D:11:     layout_long_grid, david_lair_generic, cheibriados_altar_1

Skill      XL: |  1  2  3  4  5  6  7  8  9 10 11 |
---------------+----------------------------------+-----
Unarmed Combat | 3 4 5 6 7 9 |  9.7
Dodging        | 3 4 5 6 7 |  7.0
Fighting       | 4 5 6 7 8 9 10 | 10.5
Invocations    | 1 3 5 7 9 11 12 | 12.2
Stealth        | |  1.7

Action                   |  1- 3 |  4- 6 |  7- 9 | 10-12 || total
-------------------------+-------+-------+-------+-------++-------
Melee: Unarmed           |    95 |   247 |   522 |   296 ||  1160
       Kick              |    22 |    41 |       |       ||    63
       Punch             |       |     6 |    21 |    18 ||    45
Throw: Dart              |       |     3 |    19 |     9 ||    31
Invok: Stomp             |       |     5 |    55 |    57 ||   117
Evoke: Wand              |       |       |    11 |     8 ||    19
  Use: Potion            |     1 |     4 |     7 |     2 ||    14
       Scroll            |       |    14 |    12 |     6 ||    32
 Stab: Sleeping          |     6 |     1 |    17 |    17 ||    41
       Paralysed         |       |     2 |    12 |    11 ||    25
       Distracted        |       |       |     3 |     1 ||     4
       Invisible         |       |       |       |     2 ||     2
  Eat: Chunk             |     1 |     7 |    12 |    14 ||    34
       Ration            |       |     1 |     3 |     3 ||     7
Armor: Robe              |     2 |       |    19 |    45 ||    66
       Ring mail         |    20 |    83 |   133 |       ||   236
Dodge: Dodged            |    51 |   142 |   348 |   260 ||   801
